 Dungeon Crawl Stone Soup version 0.27-a0-1186-g8b4daa1eef (webtiles) character file.

Game seed: 17815536896530013478

5242 avis the Reanimator (level 10, -5/80 HPs)
             Began as a Deep Dwarf Necromancer on May 18, 2021.
             Was a Follower of Makhleb.
             Slain by a yak (18 damage)
             ... on level 9 of the Dungeon on May 20, 2021.
             The game lasted 01:15:26 (11883 turns).

avis the Reanimator (Deep Dwarf Necromancer)       Turns: 11883, Time: 01:15:26

Health: -5/80      AC: 16    Str: 13    XL:     10   Next: 36%
Magic:  1/13       EV: 11    Int: 18    God:    Makhleb [*.....]
Gold:   223        SH:  0    Dex: 13    Spells: 8/13 levels left

rFire    . . .     SeeInvis .   a - +3 quarterstaff (chaos)
rCold    + + .     Faith    .   (shield currently unavailable)
rNeg     . . .     Spirit   .   p - +4 ring mail {rC+}
rPois    .         Reflect  .   G - +2 helmet
rElec    .         Harm     .   O - +1 cloak {Stlth+}
rCorr    .         Rampage  .   d - +0 pair of gloves
Will     +....                  N - +0 pair of boots
Stlth    +++.......             (no amulet)
HPRegen  0.00/turn              n - ring of protection from cold
MPRegen  0.13/turn              B - ring of flight

@: flying
A: damage resistance, heal wounds, sense surroundings 2, no regeneration
a: Heal Wounds, Renounce Religion


You were on level 9 of the Dungeon.
You worshipped Makhleb.
Makhleb was aware of your devotion.
You visited 2 branches of the dungeon, and saw 10 of its levels.

You collected 433 gold pieces.
You spent 210 gold pieces at shops.

Inventory:

Hand Weapons
 a - a +3 quarterstaff of chaos (weapon)
 b - the +10 dagger of Reinforcement {freeze, rElec rPois rN+ Dex+4}
   (You found it on level 7 of the Dungeon)

   It has been specially enchanted to freeze those struck by it, causing extra
   injury to most foes and up to half again as much damage against particularly
   susceptible opponents.
   It can also slow down cold-blooded creatures.
   It affects your dexterity (+4).
   It insulates you from electricity.
   It protects you from poison.
   It protects you from negative energy.
 c - a +0 shortbow
Missiles
 f - 10 arrows
 j - 4 poisoned darts (quivered)
 q - 6 datura-tipped darts
 A - 12 boomerangs
 R - 4 throwing nets
 U - a curare-tipped dart
Armour
 d - a +0 pair of gloves (worn)
 p - a +4 ring mail of cold resistance (worn)
 G - a +2 helmet (worn)
 N - a +0 pair of boots (worn)
 O - a +1 cloak of stealth (worn)
Jewellery
 i - an amulet of guardian spirit
 n - a ring of protection from cold (left hand)
 B - a ring of flight (right hand)
 M - a ring of resist corrosion
 P - a ring of fire
Wands
 e - a wand of polymorph (5)
 y - a wand of flame (25)
 X - a wand of acid (5)
Scrolls
 h - a scroll of blinking {unknown}
 k - 2 scrolls of amnesia {unknown}
 o - 8 scrolls of teleportation {unknown}
 r - 2 scrolls of immolation {unknown}
 s - a scroll of summoning {unknown}
 v - 2 scrolls of enchant armour {unknown}
 x - 4 scrolls of fear {unknown}
 z - a scroll of holy word {unknown}
 C - 2 scrolls of magic mapping {unknown}
 E - 2 scrolls of noise {unknown}
 J - 2 scrolls of fog {unknown}
 K - a scroll of silence {unknown}
Potions
 g - 6 potions of curing
 u - a potion of might
 D - 2 potions of cancellation
 F - a potion of berserk rage
 L - a potion of resistance {unknown}


   Skills:
 - Level 2.0 Fighting
 - Level 2.0 Armour
 - Level 2.1 Dodging
 - Level 3.0 Stealth
 - Level 2.0 Spellcasting
 + Level 12.9 Necromancy
 + Level 5.4 Invocations
 * Level 11.0 Evocations


You had 8 spell levels left.
You knew the following spells:

 Your Spells              Type           Power      Damage    Failure   Level
a - Pain                  Necr           100%       1d9       1%          1
c - Animate Skeleton      Necr           96%        N/A       1%          1
d - Vampiric Draining     Necr           24%        2d9       1%          3

Your spell library contained the following spells:

 Spells                   Type           Power      Damage    Failure   Level
 Animate Dead             Necr           24%        N/A       1%          4
 Agony                    Necr           48%        N/A       5%          5
 Magic Dart               Conj           4%         1d3       36%         1
 Searing Ray              Conj           2%         3d3       50%         2
 Dazzling Flash           Conj/Hex       2%         N/A       75%         3
 Fulminant Prism          Conj/Hex       0%         3d6       98%         4
 Iskenderun's Mystic Bla  Conj/Tloc      1%         2d3       98%         4


Dungeon Overview and Level Annotations

Branches:
Dungeon (9/15)             Temple (1/1) D:7
   Lair: D:8-11         Orc: D:9-12

Altars:
Ashenzari
Cheibriados
Dithmenos
Elyvilon
Fedhas
Gozag
Hepliaklqana
Kikubaaqudgha
Makhleb
Nemelex Xobeh
Okawaru
Qazlal
Ru
Sif Muna
Trog
Uskayaw
Vehumet
Wu Jian
Xom
Yredelemnul
Zin
The Shining One

Shops:
D:2 [   D:5 [

Annotations:
D:4 2 transporters, robertstho's ghost, amateur MiBe


Innate Abilities, Weirdness & Mutations

You are resistant to damage.
You can heal yourself by infusing magical energy.
You passively map the area around you.
You do not regenerate.


Message History

You hit the yak but do no damage.
The yak is moderately wounded.
The yak gores you but does no damage.
You sock the yak! You freeze the yak.
The yak is severely wounded.
The yak closely misses you.
You hit the yak. You burn the yak.
The yak is severely wounded.
The yak barely misses you.
You closely miss the yak.
The yak is severely wounded.
The yak barely misses you. The yak gores you but does no damage.
You sock the yak!
The yak is almost dead.
The yak gores you but does no damage.
You hit the yak. You burn the yak.
You kill the yak!
Makhleb accepts your kill.
Your Evocations skill increases to level 11!
Casting: Vampiric Draining (safe; 1% risk of failure)
Confirm with . or Enter, or press ? or * to list all spells.
Aiming: Vampiric Draining (safe; 1% risk of failure)
Press: ? - help, Shift-Dir - straight line, f - yak
Aim: a yak You draw life force from the yak.
You feel life coursing into your body. The yak barely misses you.
You hit the yak.
The yak is lightly wounded.
The yak gores you!
* * * LOW HITPOINT WARNING * * *
You hit the yak. You burn the yak.
The yak is moderately wounded.
The yak gores you but does no damage. The yak barely misses you.
You hit the yak.
The yak suddenly seems more agile.
The yak is heavily wounded.
The yak gores you.
You hit the yak.
The yak seems to grow stronger.
The yak is heavily wounded.
The yak gores you!!
You die...

#################################
................@Y...............
..........#.....##..........#....
..........#.....##..........#..##
##..<.....#.....##..........#..##
#...###..#.....##..........#..##
............................#....
.................................
##############'####....#######+##
#..............#.##.# , , ,*


You could see a yak (strong, agile).

Vanquished Creatures
  Joseph (D:8)
  A troll (D:9)
  7 yaks
  A wraith (D:8)
  A steam dragon (D:8)
  An acid dragon (D:7)
  4 water moccasins
  2 orc warriors
  A hornet zombie (D:8)
  2 ogres (D:5)
  2 centaurs
  3 kobold brigands
  A bullfrog (D:5)
  A water moccasin skeleton (D:5)
  A wyvern skeleton (D:6)
  17 killer bees
  4 howler monkeys
  A wight (D:8)
  A bullfrog zombie (D:7)
  A bullfrog skeleton (D:4)
  4 hounds
  2 gnoll shamans
  3 jellies
  3 orc priests
  Crazy Yiuf (D:5)
  2 centaur skeletons
  An iguana (D:6)
  An orc wizard (D:9)
  2 hound zombies (D:5)
  Robin (D:4)
  A howler monkey zombie (D:9)
  12 gnolls
  9 adders
  An adder skeleton (D:4)
  A worm (D:2)
  2 dart slugs
  16 orcs
  3 ball pythons
  6 bats
  5 endoplasms
  5 giant cockroaches
  23 goblins
  10 hobgoblins
  5 jackals (D:4)
  A quokka (D:5)
  2 frilled lizards
  9 kobolds
  5 rats
189 creatures vanquished.

Vanquished Creatures (collateral kills)
  A jelly (D:6)
  2 dart slugs
  A jackal (D:4)
4 creatures vanquished.

Vanquished Creatures (others)
  4 plants (D:4)
4 creatures vanquished.

Grand Total: 197 creatures vanquished

Notes
Turn   | Place    | Note
-------+----------+-------------------------------------------
     0 | D:1      | avis the Deep Dwarf Necromancer began the quest for the
                  | Orb.
     0 | D:1      | Reached XP level 1. HP: 15/15 MP: 3/3
   311 | D:1      | Learned a level 1 spell: Animate Skeleton
   340 | D:1      | Reached XP level 2. HP: 22/22 MP: 1/4
   451 | D:1      | Reached skill level 5 in Necromancy
   803 | D:1      | Found a faded altar of an unknown god.
  1226 | D:2      | Reached XP level 3. HP: 28/28 MP: 4/6
  1249 | D:2      | Learned a level 3 spell: Vampiric Draining
  1386 | D:2      | Found Uhuyta's Antique Armour Emporium.
  1762 | D:2      | Reached skill level 6 in Necromancy
  1762 | D:2      | Reached XP level 4. HP: 34/36 MP: 1/7
  2345 | D:3      | Found a hide-covered altar of Uskayaw.
  2352 | D:3      | Found a glowing silver altar of Zin.
  2356 | D:3      | Found an ancient bone altar of Kikubaaqudgha.
  2358 | D:3      | Found a hazy altar of Hepliaklqana.
  2817 | D:4      | Found a sparkling altar of Nemelex Xobeh.
  3002 | D:4      | Reached XP level 5. HP: 41/42 MP: 8/8
  3329 | D:4      | Found a transporter.
  3331 | D:4      | Noticed robertstho's ghost (amateur MiBe)
  3373 | D:4      | Found a transporter.
  3421 | D:4      | Reached skill level 7 in Necromancy
  3899 | D:4      | Noticed Robin
  3918 | D:4      | Killed Robin
  4248 | D:5      | Entered Level 5 of the Dungeon
  4315 | D:5      | Found Bydauq's Armour Emporium.
  4328 | D:4      | Reached XP level 6. HP: 34/49 MP: 0/9
  4489 | D:4      | Reached skill level 8 in Necromancy
  4995 | D:5      | Reached skill level 9 in Necromancy
  4995 | D:5      | Reached XP level 7. HP: 55/56 MP: 4/10
  5078 | D:5      | Reached skill level 1 in Fighting
  5358 | D:5      | Reached skill level 10 in Necromancy
  5594 | D:5      | Reached XP level 8. HP: 64/64 MP: 7/11
  5651 | D:5      | Reached skill level 1 in Armour
  5769 | D:5      | Found a runed translucent door.
  5870 | D:5      | Noticed Crazy Yiuf
  5923 | D:5      | Killed Crazy Yiuf
  6188 | D:6      | Reached skill level 11 in Necromancy
  7649 | D:2      | Bought a shiny ring mail for 210 gold pieces
  7959 | D:6      | Reached skill level 5 in Evocations
  8045 | D:6      | Gained mutation: You passively map the area around you.
                  | [Deep Dwarf growth]
  8045 | D:6      | Reached XP level 9. HP: 58/73 MP: 11/11
  8589 | D:7      | Reached skill level 12 in Necromancy
  8720 | D:7      | Identified the +10 dagger of Reinforcement {freeze, rElec
                  | rPois rN+ Dex+4}
  9100 | D:7      | Found a staircase to the Ecumenical Temple.
  9120 | Temple   | Entered the Ecumenical Temple
  9158 | Temple   | Became a worshipper of Makhleb the Destroyer
  9212 | Temple   | Upgraded the game from 0.27-a0-1184-ge86db4a01e to
                  | 0.27-a0-1186-g8b4daa1eef
  9599 | D:8      | Reached skill level 1 in Invocations
  9756 | D:8      | Noticed Joseph
  9773 | D:8      | Killed Joseph
 10219 | D:8      | Reached XP level 10. HP: 54/80 MP: 0/12
 10244 | D:8      | Reached skill level 10 in Evocations
 10852 | D:8      | Found a snail-covered altar of Cheibriados.
 11721 | D:9      | Found an iron altar of Okawaru.
 11721 | D:9      | Found a shimmering altar of Xom.
 11852 | D:9      | Reached skill level 5 in Invocations
 11868 | D:9      | Reached * piety under Makhleb
 11883 | D:9      | Slain by a yak

Illustrated notes

Levels and vault maps discovered:
D:1:      elethiomel_arrival_quiet, layout_basic, basic_ecumenical_altar
D:2:      layout_loops_ring, serial_shops, nicolae_shop_window_shopping
D:3:      layout_rooms, minitemple, kennysheep_generic_room_14
D:4:      kennysheep_goblin_castle, layout_basic,
          nicolae_overflow_crystal_walls, serial_forest,
          infiniplex_forest_end_double, infiniplex_forest_clump_double,
          infiniplex_forest_clump_small, infiniplex_forest_straight_2,
          infiniplex_forest_clump_medium, infiniplex_forest_straight_2,
          infiniplex_forest_diagonal, infiniplex_forest_corner_1,
          infiniplex_forest_straight_2, infiniplex_forest_zigzag_1,
          gammafunk_ghost_mausoleum, grunt_decor_one_mirror,
          hangedman_decor_opposing
D:5:      layout_rooms, serial_shops, shop, uniq_crazy_yiuf_cottage
D:6:      layout_loops_corners
D:7:      layout_basic, minmay_temple_entry_glassed_door, hangedman_decor_push,
          minmay_misc_feat_doors, eino_jars
D:8:      kennysheep_spiral_hall, layout_cave_pods, cheibriados_altar_1,
          uniq_joseph
D:9:      layout_stronghold, gammafunk_temple_overflow_statue,
          minmay_misc_feat_tiny, minmay_checkerbox, uniq_harold
Temple:   jpeg_temple_clearing

Skill      XL: |  1  2  3  4  5  6  7  8  9 10 |
---------------+-------------------------------+-----
Necromancy     | 5 6 7 9 10 11 12 | 12.9
Spellcasting   | 2 |  2.0
Stealth        | 3 |  3.0
Fighting       | 1 2 |  2.0
Armour         | 2 |  2.0
Evocations     | 5 9 11 | 11.0
Invocations    | 4 5 |  5.4
Dodging        | |  2.1

Action                   |  1- 3 |  4- 6 |  7- 9 | 10-12 || total
-------------------------+-------+-------+-------+-------++-------
Melee: Quarterstaff      |     9 |    65 |   222 |    80 ||   376
       Dagger            |       |       |    11 |       ||    11
Throw: Dart              |     6 |       |     8 |       ||    14
       Stone             |     3 |       |     1 |       ||     4
 Cast: Pain              |    59 |    67 |    35 |       ||   161
       Animate Skeleton  |     3 |    26 |    31 |     4 ||    64
       Vampiric Draining |     2 |    29 |    79 |    20 ||   130
 Abil: Heal Wounds       |       |       |     1 |       ||     1
Evoke: Wand              |       |       |       |     1 ||     1
  Use: Scroll            |       |       |     8 |       ||     8
       Potion            |       |       |     1 |     1 ||     2
 Stab: Sleeping          |     1 |       |       |       ||     1
Armor: Robe              |     1 |       |       |       ||     1
       Ring mail         |     2 |    78 |   247 |   105 ||   432
Dodge: Dodged            |    15 |    85 |   274 |   111 ||   485

Table legend: (Time is in decaauts)
 A = Elapsed time spent in this place.
 B = Non-inter-level travel time spent in this place.
 C = Inter-level travel time spent in this place.
 D = Time resting spent in this place.
 E = Time spent auto-exploring this place.
 F = Levels seen in this place.
 G = Mean time per level.
                   A        B        C        D        E       F      G
               +--------+--------+--------+--------+--------+-----+--------+
         Total |  12028 |  11031 |    997 |   3940 |   4216 |  10 | 1202.8 |
       Dungeon |  11820 |  10823 |    997 |   3840 |   4180 |   9 | 1313.3 |
        Temple |    207 |    207 |      0 |    100 |     36 |   1 |  207.0 |
               +--------+--------+--------+--------+--------+-----+--------+

Top non-repeatable levels by time:
     D:6: 2012 daAuts
     D:4: 1968 daAuts
     D:8: 1760 daAuts
     D:5: 1447 daAuts
     D:2: 1259 daAuts
     D:7: 1179 daAuts
     D:1: 1037 daAuts
     D:3: 613 daAuts
     D:9: 540 daAuts
  Temple: 207 daAuts
